 Dungeon Crawl Stone Soup version 0.29.0-4-gdea44cf6ec (webtiles) character file.

Game seed: 9237482486020169213

91336 qw the Warrior (level 15, -11/151 HPs)
             Began as a Minotaur Berserker on Sept 8, 2022.
             Was an Elder of Trog.
             Mangled by an orc knight
             ... wielding a +0 great sword
              (12 damage)
             ... on level 2 of the Orcish Mines.
             The game lasted 00:10:10 (26355 turns).

qw the Warrior (Minotaur Berserker)                Turns: 26355, Time: 00:10:11

Health: -11/151    AC: 35    Str: 26    XL:     15   Next: 54%
Magic:  3/14       EV: 10    Int:  3    God:    Trog [****..]
Gold:   1165       SH: 13    Dex: 11    Spells: 14/14 levels left

rFire   + . .      SeeInvis .   l - +5 war axe (spect)
rCold   + + .      Faith    .   u - +2 buckler
rNeg    + . .      Spirit   .   j - +0 plate armour
rPois   +          Reflect  +   c - -2 hat of the Alchemist {rElec rPois rF+ rC+ rN+ Will+ rMut rCorr}
rElec   +          Harm     .   q - +1 cloak
rCorr   +          Rampage  .   y - +3 Mad Mage's Maulers {Infuse+∞ RegenMP Int-3}
rMut    +                       m - +2 pair of boots
Will    ++...                   k - amulet of reflection
Stlth   ..........              v - ring of Crawling {rC+ rCorr AC+4 Str-2 Int+2}
HPRegen 0.35/turn               f - +4 ring of protection
MPRegen 0.54/turn

@: about to teleport, on berserk cooldown, slowed, very slow
A: horns 2, retaliatory headbutt
a: Renounce Religion, Berserk, Trog's Hand, Brothers in Arms


You were on level 2 of the Orcish Mines.
You worshipped Trog.
Trog was greatly pleased with you.
You visited 3 branches of the dungeon, and saw 22 of its levels.

You collected 2210 gold pieces.
You spent 1045 gold pieces at shops.


Innate Abilities, Weirdness & Mutations

You have a pair of horns on your head.
You reflexively headbutt those who attack you in melee.


   Skills:
 + Level 18.9 Fighting
 - Level 16.0 Axes
 - Level 4.0 Throwing
 - Level 18.0 Armour
 - Level 8.0 Dodging
 - Level 11.0 Shields


You had 14 spell levels left.
You didn't know any spells.
Your spell library was empty.

Inventory:

Hand Weapons
 l - a +5 spectral war axe (weapon)
 p - a +0 morningstar
Missiles
 z - 3 boomerangs (quivered)
Armour
 c - the -2 hat of the Alchemist (worn) {rElec rPois rF+ rC+ rN+ Will+ rMut rCorr}
   (You acquired it on level 4 of the Lair of Beasts)

   rF:        It protects you from fire.
   rC:        It protects you from cold.
   rElec:     It insulates you from electricity.
   rPois:     It protects you from poison.
   rN:        It protects you from negative energy.
   rCorr:     It protects you from acid and corrosion.
   rMut:      It protects you from mutation.
   Will:      It increases your willpower.
 j - a +0 plate armour (worn)
 m - a +2 pair of boots (worn)
 q - a +1 cloak (worn)
 u - a +2 buckler (worn)
 x - a +2 chain mail of cold resistance
 y - the +3 Mad Mage's Maulers (worn) {Infuse+∞ RegenMP Int-3}
   (You bought it in a shop on level 12 of the Dungeon)

   It empowers its wearer's blows with all of their magic.
   It causes its wearer's magical reserves to regenerate more quickly.
   Int:       It affects your intelligence (-3).
Jewellery
 d - a +4 ring of evasion
 e - a ring of poison resistance
 f - a +4 ring of protection (right hand)
 k - an amulet of reflection (around neck)
 r - a ring of fire
 s - the ring of Okawaru's Envy {rElec rPois rN++ Int-4}
   (You found it on level 2 of the Lair of Beasts)

   [ring of poison resistance]

   Int:       It affects your intelligence (-4).
   rElec:     It insulates you from electricity.
   rPois:     It protects you from poison.
   rN:        It greatly protects you from negative energy.
 v - the ring of Crawling (left hand) {rC+ rCorr AC+4 Str-2 Int+2}
   (You found it on level 4 of the Lair of Beasts)

   [ring of protection]

   AC:        It affects your AC (+4).
   Str:       It affects your strength (-2).
   Int:       It affects your intelligence (+2).
   rC:        It protects you from cold.
   rCorr:     It protects you from acid and corrosion.
Wands
 n - a wand of digging (3)
Scrolls
 a - 17 scrolls of teleportation
 b - 4 scrolls of identify
Potions
 g - 3 potions of haste
 h - 9 potions of curing
 i - a potion of mutation
 o - 5 potions of might
 t - 4 potions of heal wounds
 w - a potion of resistance

Dungeon Overview and Level Annotations

Branches:
Dungeon (15/15)            Temple (0/1) D:7            Lair (5/5) D:10
  Swamp (0/4) Lair:2       Spider (0/4) Lair:3        Slime (0/5) Lair:5
    Orc (2/2) D:11         Vaults (0/5) D:14         Depths (0/4) D:15
    Elf: Orc:2

Altars:
Ashenzari
Gozag
Nemelex Xobeh
Trog
Yredelemnul
Jiyva

Shops:
D:12 [   Orc:1 **

Annotations:
D:5 2 runed translucent doors, Crazy Yiuf
D:11 2 transporters, qw's ghost, journeyman TrCA
Orc:1 3 runed translucent doors, duckroller's ghost, journeyman HOMo


Message History

Trog accepts your kill. The orc warlord barely misses you.
You block the orc high priest's attack.
The orc knight hits you with a +0 great sword!!
The red devil hits you but does no damage.
The warg bites you but does no damage. The orc warlord blocks your attack.
You headbutt the orc warlord.
The orc warlord is severely wounded.
You closely miss the warg. You slash the orc high priest!
You barely miss the orc knight.
Your +5 spectral war axe hits the warg!
Your +5 spectral war axe hits the red devil.
Your +5 spectral war axe hits the orc warlord.
The orc high priest hits you with a +0 hand axe.
You block the orc knight's attack.
The orc warlord hits you with a +0 long sword!
The warg bites you. You block the red devil's attack.
Your ogre hits the orc knight with a +0 giant club.
26354 ||| READING 18 scrolls of teleportation.
As you read the scroll of teleportation, it crumbles to dust.
You feel strangely unstable.
The orc knight no longer looks unusually strong.
The orc warlord no longer looks unusually strong.
The warg barely misses you. You block the orc high priest's attack.
The orc knight hits you with a +0 great sword.
You block the orc warlord's attack.
The orc priest looks satisfied for a moment.
Your ogre misses the orc knight.
The red devil hits you but does no damage.
The warg bites you.
The orc warlord hits you with a +0 long sword.
You block the orc high priest's attack.
The orc knight hits you with a +0 great sword!
26355 ||| DRINKING 5 potions of heal wounds.
You feel much better.
Your ogre hits the orc knight with a +0 giant club!!
The warg bites you! The red devil barely misses you.
You block the orc high priest's attack.
The orc warlord hits you with a +0 long sword!
The orc knight hits you with a +0 great sword!
You die...

.....# #..........#...
......###..............
......#................
.....................P.
.$....................
##.........#.)......
##.....[[.)###..)....
#..ooh.....##.##.....
####.o@.4<)...#)¤...... .
#..ooO¤¤#.....[........
.#.##....)###..............
.....[[))..##..........##..
#....[.)..###.........# ##
#....[)[[)####......o.##
.#......[)##.#..........
..##.#...).#............ .
#####.[[[.............


You could see an orc warlord, an orc knight (ally target), an orc high priest
(strong), a warg, a red devil (summoned), an orc priest (strong), an orc wizard
(strong) and a friendly ogre (summoned, berserk).

Vanquished Creatures
  A fire giant (D:15)
  Nessos (Lair:5)
  A yaktaur captain (D:15)
  An ettin (Orc:2)
  4 hydras
  5 centaur warriors
  A catoblepas (Lair:5)
  A death knight (D:13)
  Erica (D:8)
  2 two-headed ogres
  2 boulder beetles
  13 death yaks
  3 orc high priests (Orc:2)
  Nergalle (Orc:1)
  Sonja (Lair:4)
  A goliath frog (Lair:5)
  2 phantasmal warriors (D:13)
  Pikel (D:6)
  A deep elf pyromancer (D:13)
  2 orc sorcerers (Orc:2)
  An orc knight (D:15)
  A wolf spider (Lair:3)
  A harpy (shapeshifter) (D:14)
  13 ugly things
  9 cyclopes
  28 elephants
  A salamander (shapeshifter) (D:14)
  2 manticores
  A black mamba (Lair:4)
  A torpor snail (Lair:2)
  18 cane toads
  3 gargoyles
  An efreet (D:14)
  A kobold demonologist (D:9)
  5 rime drakes
  9 komodo dragons
  7 trolls
  3 tyrant leeches
  A polar bear (Lair:1)
  A queen bee (shapeshifter) (D:14)
  Prince Ribbit (D:5)
  A raiju (shapeshifter) (D:15)
  18 blink frogs
  23 slime creatures
  2 wraiths
  2 shadows (D:12)
  Sigmund (D:3)
  3 wyverns
  2 vampires (D:11)
  A hog (shapeshifter) (D:14)
  35 yaks
  11 basilisks
  2 steam dragons
  19 vampire mosquitoes
  2 wargs
  10 water moccasins
  20 orc warriors
  2 swamp drakes
  3 ice beasts (D:7)
  8 ogres
  3 sky beasts
  7 wolves
  8 centaurs
  15 bullfrogs
  2 gnoll sergeants (D:9)
  2 necrophages
  4 scorpions
  18 wights
  12 killer bees
  2 electric eels
  4 howler monkeys
  A hound (D:6)
  3 jellies
  9 orc priests
  2 gnoll boudas
  5 iguanas
  16 orc wizards
  18 gnolls
  7 adders
  A shadow imp (D:8)
  A white imp (D:5)
  2 dart slugs
  62 orcs
  3 bats
  7 endoplasms
  2 giant cockroaches
  3 goblins
  8 hobgoblins
  2 jackals (D:4)
  3 quokkas
  10 ball pythons
  2 frilled lizards
  A goblin zombie (D:5)
  10 kobolds
  2 kobold skeletons (D:5)
  4 rats
579 creatures vanquished.

Vanquished Creatures (collateral kills)
  2 hydras
  2 orc high priests (Orc:2)
  A rime drake (Lair:4)
  5 orc warriors (Orc:2)
  An orc priest (Orc:2)
  An orc (Orc:2)
12 creatures vanquished.

Vanquished Creatures (others)
  A yak (Lair:4)
  An orc wizard (Orc:2)
  39 fungi
  79 plants
  3 toadstools (D:5)
123 creatures vanquished.

Grand Total: 714 creatures vanquished

Notes
Turn   | Place    | Note
-------+----------+-------------------------------------------
     0 | D:1      | qw the Minotaur Berserker began the quest for the Orb.
     0 | D:1      | Reached XP level 1. HP: 19/19 MP: 0/0
     0 | D:1      | 0 ||| qw: Version: 0.1-a-111-g1c1fd2e
     0 | D:1      | 0 ||| qw: Game counter: 6645
     0 | D:1      | 0 ||| qw: Always use a shield: true
     0 | D:1      | 0 ||| qw: Do Orc after D:15 true
     0 | D:1      | 0 ||| qw: Do second Lair branch before Depths: true
     0 | D:1      | 0 ||| qw: Lair rune preference: random
     0 | D:1      | 0 ||| qw: Plans: Normal
     0 | D:1      | 0 ||| PLANNING D:1-11
   256 | D:1      | Reached XP level 2. HP: 26/26 MP: 1/1
   377 | D:1      | Found a faded altar of an unknown god.
  1037 | D:1      | 1037 ||| UPGRADING to +0 plate armour.
  1047 | D:1      | 1047 ||| DROPPING +0 animal skin.
  1048 | D:1      | 1048 ||| UPGRADING to amulet of reflection.
  1053 | D:1      | 1053 ||| READING scroll labelled LIRHUHIDDA.
  1054 | D:1      | 1054 ||| READING scroll labelled DIVUNI CUCI.
  1198 | D:1      | 1198 ||| READING scroll labelled VEFOSTRANOU.
  1201 | D:1      | 1201 ||| READING scroll labelled XAQOEL WYLUQEJIF.
  1202 | D:1      | 1202 ||| DRINKING 2 cyan potions.
  1308 | D:2      | Reached XP level 3. HP: 31/31 MP: 2/2
  1475 | D:2      | 1475 ||| Stepping ~*~*~tactically~*~*~ (stealth).
  1741 | D:2      | Reached ** piety under Trog
  1759 | D:2      | 1759 ||| UPGRADING to +0 pair of gloves.
  1764 | D:2      | 1764 ||| UPGRADING to +6 ring of intelligence.
  1765 | D:2      | 1765 ||| READING scroll labelled HUOSAONESU.
  1766 | D:2      | 1766 ||| READING 2 scrolls of identify.
  1766 | D:2      | 1766 ||| IDENTIFYING emerald potion
  1767 | D:2      | 1767 ||| DROPPING potion of flight.
  1802 | D:3      | Noticed Sigmund
  1803 | D:3      | 1803 ||| INVOKING Berserk.
  1812 | D:3      | 1812 ||| STAIRDANCE
  1916 | D:3      | 1916 ||| INVOKING Berserk.
  1921 | D:3      | Killed Sigmund
  1922 | D:3      | Reached XP level 4. HP: 39/39 MP: 3/3
  1922 | D:3      | Reached XP level 5. HP: 45/45 MP: 4/4
  1938 | D:3      | 1938 ||| FLEEEEING.
  1939 | D:3      | 1939 ||| STAIRDANCE
  2082 | D:3      | 2082 ||| Stepping ~*~*~tactically~*~*~ (stealth).
  2083 | D:3      | 2083 ||| Stepping ~*~*~tactically~*~*~ (stealth).
  2084 | D:3      | 2084 ||| FLEEEEING.
  2085 | D:3      | 2085 ||| Stepping ~*~*~tactically~*~*~ (stealth).
  2195 | D:3      | 2195 ||| Stepping ~*~*~tactically~*~*~ (stealth).
  2454 | D:3      | Reached skill level 3 in Armour
  2532 | D:3      | 2532 ||| Stepping ~*~*~tactically~*~*~ (stealth).
  2628 | D:3      | 2628 ||| UPGRADING to +4 ring of protection.
  2629 | D:3      | 2629 ||| UPGRADING to ring of protection from cold.
  2631 | D:3      | 2631 ||| DROPPING +6 ring of intelligence.
  2632 | D:3      | 2632 ||| READING scroll labelled JAULIDE USTU.
  2698 | D:4      | Reached XP level 6. HP: 42/53 MP: 5/5
  2739 | D:4      | 2739 ||| FLEEEEING.
  2740 | D:4      | 2740 ||| FLEEEEING.
  2741 | D:4      | 2741 ||| FLEEEEING.
  2742 | D:4      | 2742 ||| FLEEEEING.
  2743 | D:4      | 2743 ||| FLEEEEING.
  2744 | D:4      | 2744 ||| FLEEEEING.
  2745 | D:4      | 2745 ||| FLEEEEING.
  2747 | D:4      | 2747 ||| FLEEEEING.
  2748 | D:4      | 2748 ||| FLEEEEING.
  2749 | D:4      | 2749 ||| FLEEEEING.
  2750 | D:4      | 2750 ||| STAIRDANCE
  2818 | D:4      | 2818 ||| INVOKING Berserk.
  2822 | D:4      | 2822 ||| STAIRDANCE
  2977 | D:4      | 2977 ||| Stepping ~*~*~tactically~*~*~ (stealth).
  3044 | D:4      | Reached skill level 1 in Throwing
  3090 | D:4      | Reached XP level 7. HP: 49/60 MP: 6/6
  3226 | D:4      | 3226 ||| INVOKING Berserk.
  3229 | D:4      | Reached skill level 9 in Axes
  3478 | D:4      | 3478 ||| UPGRADING to ring of poison resistance.
  3480 | D:4      | 3480 ||| READING scroll labelled EHUCOA XANU.
  3481 | D:4      | 3481 ||| DRINKING 2 brown potions.
  3586 | D:4      | 3586 ||| READING 4 scrolls of identify.
  3586 | D:4      | 3586 ||| IDENTIFYING coppery potion
  3587 | D:4      | 3587 ||| READING 3 scrolls of identify.
  3587 | D:4      | 3587 ||| IDENTIFYING orange potion
  3588 | D:4      | 3588 ||| DROPPING potion of berserk rage.
  3602 | D:5      | Entered Level 5 of the Dungeon
  3620 | D:5      | 3620 ||| INVOKING Berserk.
  3884 | D:5      | Noticed Prince Ribbit
  3887 | D:5      | 3887 ||| INVOKING Berserk.
  3891 | D:5      | Killed Prince Ribbit
  3892 | D:5      | Reached skill level 6 in Fighting
  4089 | D:5      | Found a runed translucent door.
  4090 | D:5      | Noticed Crazy Yiuf
  4145 | D:5      | 4145 ||| INVOKING Berserk.
  4149 | D:5      | Reached XP level 8. HP: 71/71 MP: 7/7
  4150 | D:5      | Found a runed translucent door.
  4200 | D:5      | 4200 ||| READING 2 scrolls of identify.
  4200 | D:5      | 4200 ||| IDENTIFYING sapphire potion
  4291 | D:5      | Found a bloodstained altar of Trog.
  4292 | D:5      | 4292 ||| Stepping ~*~*~tactically~*~*~ (hiding).
  4295 | D:5      | 4295 ||| Stepping ~*~*~tactically~*~*~ (hiding).
  4338 | D:5      | 4338 ||| SWAPPING to +1 antimagic war axe.
  4339 | D:5      | 4339 ||| DROPPING +1 hand axe.
  4455 | D:5      | 4455 ||| Stepping ~*~*~tactically~*~*~ (hiding).
  4457 | D:5      | 4457 ||| Stepping ~*~*~tactically~*~*~ (hiding).
  4460 | D:5      | 4460 ||| Stepping ~*~*~tactically~*~*~ (stealth).
  4513 | D:5      | Found a basalt altar of Yredelemnul.
  4556 | D:5      | 4556 ||| Stepping ~*~*~tactically~*~*~ (hiding).
  4559 | D:5      | 4559 ||| INVOKING Berserk.
  4819 | D:5      | 4819 ||| Stepping ~*~*~tactically~*~*~ (hiding).
  5174 | D:5      | Found a sparkling altar of Nemelex Xobeh.
  5175 | D:5      | Found an opulent altar of Gozag.
  5433 | D:6      | Reached *** piety under Trog
  5437 | D:6      | 5437 ||| INVOKING Berserk.
  5591 | D:6      | 5591 ||| INVOKING Berserk.
  5616 | D:6      | 5616 ||| Stepping ~*~*~tactically~*~*~ (stealth).
  5765 | D:6      | Noticed Pikel
  5768 | D:6      | 5768 ||| INVOKING Berserk.
  5772 | D:6      | Killed Pikel
  5773 | D:6      | Reached skill level 12 in Axes
  5773 | D:6      | Reached XP level 9. HP: 78/78 MP: 2/8
  5881 | D:6      | 5881 ||| DROPPING +0 whip.
  6454 | D:6      | 6454 ||| READING scroll labelled REINUC URGH.
  6455 | D:6      | 6455 ||| READING scroll labelled PUSHRO MEJUY.
  6561 | D:7      | Found a staircase to the Ecumenical Temple.
  6597 | D:7      | Reached skill level 6 in Armour
  6835 | D:7      | 6835 ||| DROPPING +1 whip of freezing.
  6861 | D:7      | Found a broken altar of Ashenzari.
  7040 | D:7      | 7040 ||| Stepping ~*~*~tactically~*~*~ (stealth).
  7049 | D:7      | Reached skill level 3 in Throwing
  7119 | D:7      | 7119 ||| INVOKING Berserk.
  7532 | D:7      | 7532 ||| Stepping ~*~*~tactically~*~*~ (stealth).
  7616 | D:7      | 7616 ||| UPGRADING to +2 pair of boots.
  7621 | D:7      | 7621 ||| READING scroll labelled DETYUX WOERGH.
  7622 | D:7      | 7622 ||| READING 2 scrolls of identify.
  7622 | D:7      | 7622 ||| IDENTIFYING bubbling brown potion
  7623 | D:7      | 7623 ||| DROPPING potion of degeneration.
  7709 | D:8      | 7709 ||| INVOKING Berserk.
  7711 | D:8      | Reached XP level 10. HP: 88/88 MP: 3/9
  7783 | D:8      | 7783 ||| INVOKING Berserk.
  7854 | D:8      | 7854 ||| Stepping ~*~*~tactically~*~*~ (stealth).
  7892 | D:8      | 7892 ||| DROPPING +5 mace.
  7905 | D:8      | 7905 ||| Stepping ~*~*~tactically~*~*~ (stealth).
  7908 | D:8      | 7908 ||| Stepping ~*~*~tactically~*~*~ (stealth).
  7916 | D:8      | 7916 ||| Stepping ~*~*~tactically~*~*~ (stealth).
  7922 | D:8      | 7922 ||| Stepping ~*~*~tactically~*~*~ (stealth).
  7932 | D:8      | 7932 ||| FLEEEEING.
  8017 | D:8      | 8017 ||| Stepping ~*~*~tactically~*~*~ (stealth).
  8025 | D:8      | Reached skill level 15 in Axes
  8059 | D:8      | 8059 ||| Stepping ~*~*~tactically~*~*~ (stealth).
  8095 | D:8      | Reached **** piety under Trog
  8189 | D:8      | Noticed Erica
  8193 | D:8      | 8193 ||| INVOKING Berserk.
  8200 | D:8      | Killed Erica
  8201 | D:8      | Reached skill level 9 in Fighting
  8595 | D:8      | 8595 ||| UPGRADING to +0 buckler.
  8600 | D:8      | 8600 ||| READING 2 scrolls of identify.
  8600 | D:8      | 8600 ||| IDENTIFYING bubbling pink potion
  8601 | D:8      | 8601 ||| DROPPING potion of invisibility.
  8641 | D:9      | Reached skill level 1 in Shields
  8756 | D:9      | 8756 ||| Stepping ~*~*~tactically~*~*~ (hiding).
  8759 | D:9      | 8759 ||| INVOKING Berserk.
  8903 | D:9      | 8903 ||| Stepping ~*~*~tactically~*~*~ (stealth).
  8906 | D:9      | Reached skill level 3 in Shields
  8929 | D:9      | 8929 ||| Stepping ~*~*~tactically~*~*~ (stealth).
  8930 | D:9      | 8930 ||| Stepping ~*~*~tactically~*~*~ (stealth).
  8947 | D:9      | 8947 ||| Stepping ~*~*~tactically~*~*~ (hiding).
  8993 | D:9      | Noticed a cyclops
  9004 | D:9      | Killed a cyclops
  9051 | D:9      | 9051 ||| Stepping ~*~*~tactically~*~*~ (stealth).
  9054 | D:9      | 9054 ||| Stepping ~*~*~tactically~*~*~ (stealth).
  9059 | D:9      | Reached skill level 3 in Dodging
  9069 | D:9      | Reached XP level 11. HP: 95/99 MP: 3/10
  9102 | D:9      | 9102 ||| Stepping ~*~*~tactically~*~*~ (stealth).
  9111 | D:9      | 9111 ||| Stepping ~*~*~tactically~*~*~ (hiding).
  9115 | D:9      | 9115 ||| INVOKING Berserk.
  9342 | D:9      | 9342 ||| INVOKING Berserk.
  9590 | D:9      | 9590 ||| SWAPPING to +4 war axe.
  9591 | D:9      | 9591 ||| DROPPING +1 antimagic war axe.
  9855 | D:9      | 9855 ||| UPGRADING to +2 buckler.
  9865 | D:9      | 9865 ||| DROPPING +0 buckler.
  9866 | D:9      | 9866 ||| READING scroll labelled CAABAO NUAPU.
  9867 | D:9      | 9867 ||| READING 2 scrolls of identify.
  9867 | D:9      | 9867 ||| IDENTIFYING bubbling puce potion
  9868 | D:9      | 9868 ||| DROPPING potion of attraction.
  9877 | D:10     | Entered Level 10 of the Dungeon
  9980 | D:10     | 9980 ||| DRINKING potion of cancellation.
  9999 | D:10     | 9999 ||| INVOKING Berserk.
 10036 | D:10     | 10036 ||| FLEEEEING.
 10038 | D:10     | 10038 ||| FLEEEEING.
 10039 | D:10     | 10039 ||| FLEEEEING.
 10040 | D:10     | 10040 ||| FLEEEEING.
 10041 | D:10     | 10041 ||| FLEEEEING.
 10042 | D:10     | 10042 ||| FLEEEEING.
 10043 | D:10     | 10043 ||| FLEEEEING.
 10055 | D:10     | 10055 ||| Stepping ~*~*~tactically~*~*~ (stealth).
 10074 | D:10     | Found a staircase to the Lair.
 10101 | D:10     | Identified the +8 long sword of Xoelishe {pain, Dex+4
                  | Stlth+}
 10226 | D:10     | 10226 ||| INVOKING Berserk.
 10396 | D:10     | Reached skill level 6 in Shields
 10479 | D:10     | 10479 ||| Stepping ~*~*~tactically~*~*~ (stealth).
 10485 | D:10     | 10485 ||| Stepping ~*~*~tactically~*~*~ (stealth).
 10487 | D:10     | 10487 ||| Stepping ~*~*~tactically~*~*~ (stealth).
 10488 | D:10     | 10488 ||| Stepping ~*~*~tactically~*~*~ (stealth).
 10579 | D:10     | 10579 ||| PLANNING LAIR
 10579 | D:10     | 10579 ||| READING scroll labelled LUXKIM GYM JEI.
 10580 | D:10     | 10580 ||| DRINKING 4 amethyst potions.
 10681 | D:10     | 10681 ||| DRINKING 3 fuming coppery potions.
 10721 | D:10     | 10721 ||| READING 4 scrolls of identify.
 10721 | D:10     | 10721 ||| IDENTIFYING ruby potion
 10722 | D:10     | 10722 ||| READING 3 scrolls of identify.
 10722 | D:10     | 10722 ||| IDENTIFYING silvery potion
 10723 | D:10     | 10723 ||| DROPPING 3 potions of ambrosia.
 10724 | D:10     | 10724 ||| DROPPING 2 potions of lignification.
 10725 | D:10     | 10725 ||| DROPPING potion of brilliance.
 10823 | Lair:1   | Entered Level 1 of the Lair of Beasts
 10837 | Lair:1   | 10837 ||| INVOKING Berserk.
 10839 | Lair:1   | Reached skill level 9 in Armour
 10984 | Lair:1   | Noticed a seven-headed hydra
 10985 | Lair:1   | 10985 ||| INVOKING Brothers in Arms.
 10986 | Lair:1   | 10986 ||| SWAPPING to +0 morningstar.
 10988 | Lair:1   | 10988 ||| INVOKING Berserk.
 10992 | Lair:1   | Killed a seven-headed hydra
 11023 | Lair:1   | 11023 ||| SWAPPING to +4 war axe of freezing.
 11190 | Lair:1   | Noticed a five-headed hydra
 11194 | Lair:1   | 11194 ||| Stepping ~*~*~tactically~*~*~ (stealth).
 11195 | Lair:1   | 11195 ||| SWAPPING to +0 morningstar.
 11196 | Lair:1   | 11196 ||| INVOKING Berserk.
 11200 | Lair:1   | Killed a five-headed hydra
 11205 | Lair:1   | 11205 ||| Stepping ~*~*~tactically~*~*~ (stealth).
 11206 | Lair:1   | 11206 ||| SWAPPING to +4 war axe of freezing.
 11217 | Lair:1   | 11217 ||| Stepping ~*~*~tactically~*~*~ (stealth).
 11218 | Lair:1   | 11218 ||| Stepping ~*~*~tactically~*~*~ (stealth).
 11334 | Lair:1   | You fall into a shaft and drop 1 floor!
 11417 | Lair:2   | 11417 ||| Stepping ~*~*~tactically~*~*~ (stealth).
 11533 | Lair:2   | 11533 ||| Stepping ~*~*~tactically~*~*~ (stealth).
 11568 | Lair:2   | 11568 ||| INVOKING Berserk.
 11679 | Lair:2   | 11679 ||| INVOKING Berserk.
 11690 | Lair:2   | Reached XP level 12. HP: 110/110 MP: 11/11
 11742 | Lair:2   | 11742 ||| INVOKING Berserk.
 11854 | Lair:2   | Found a staircase to the Swamp.
 11856 | Lair:2   | 11856 ||| Stepping ~*~*~tactically~*~*~ (stealth).
 11871 | Lair:2   | 11871 ||| Stepping ~*~*~tactically~*~*~ (stealth).
 11993 | Lair:1   | 11993 ||| INVOKING Berserk.
 12189 | Lair:1   | 12189 ||| READING 2 scrolls of brand weapon.
 12189 | Lair:1   | 12189 ||| BRANDING +4 war axe of freezing.
 12190 | Lair:1   | 12190 ||| READING scroll of brand weapon.
 12190 | Lair:1   | 12190 ||| BRANDING +4 war axe of chaos.
 12259 | Lair:1   | Reached skill level 12 in Fighting
 12301 | Lair:1   | Identified the +6 sling of the Little People {flame, Will+
                  | rCorr Dex+2}
 12567 | Lair:1   | 12567 ||| UPGRADING to +0 cloak.
 12572 | Lair:1   | 12572 ||| DROPPING ring of flight.
 12590 | Lair:2   | 12590 ||| STAIRDANCE
 12665 | Lair:2   | 12665 ||| STAIRDANCE
 12848 | Lair:2   | 12848 ||| INVOKING Berserk.
 13146 | Lair:2   | Noticed a death yak
 13151 | Lair:2   | 13151 ||| INVOKING Berserk.
 13154 | Lair:2   | Killed a death yak
 13437 | Lair:2   | 13437 ||| Stepping ~*~*~tactically~*~*~ (hiding).
 13694 | Lair:2   | Identified the ring of Okawaru's Envy {rElec rPois rN++
                  | Int-4}
 13851 | Lair:2   | Reached skill level 12 in Armour
 13957 | Lair:2   | 13957 ||| DROPPING amulet of guardian spirit.
 13958 | Lair:2   | 13958 ||| DROPPING ring of poison resistance.
 13959 | Lair:2   | 13959 ||| READING scroll labelled GUTHRU HIPRILICI.
 13960 | Lair:2   | 13960 ||| READING 3 scrolls of identify.
 13960 | Lair:2   | 13960 ||| IDENTIFYING viscous coppery potion
 13961 | Lair:2   | 13961 ||| DROPPING potion of magic.
 13985 | Lair:2   | 13985 ||| Stepping ~*~*~tactically~*~*~ (hiding).
 14145 | Lair:3   | 14145 ||| INVOKING Berserk.
 14308 | Lair:3   | 14308 ||| Stepping ~*~*~tactically~*~*~ (stealth).
 14328 | Lair:3   | Reached skill level 9 in Shields
 14368 | Lair:3   | 14368 ||| INVOKING Berserk.
 14517 | Lair:3   | Noticed a seven-headed hydra
 14518 | Lair:3   | 14518 ||| INVOKING Brothers in Arms.
 14519 | Lair:3   | 14519 ||| INVOKING Brothers in Arms.
 14520 | Lair:3   | 14520 ||| INVOKING Brothers in Arms.
 14522 | Lair:3   | 14522 ||| SWAPPING to +0 morningstar.
 14523 | Lair:3   | 14523 ||| INVOKING Brothers in Arms.
 14524 | Lair:3   | 14524 ||| INVOKING Brothers in Arms.
 14525 | Lair:3   | 14525 ||| INVOKING Brothers in Arms.
 14526 | Lair:3   | 14526 ||| INVOKING Brothers in Arms.
 14527 | Lair:3   | 14527 ||| INVOKING Brothers in Arms.
 14528 | Lair:3   | 14528 ||| INVOKING Brothers in Arms.
 14529 | Lair:3   | 14529 ||| INVOKING Brothers in Arms.
 14530 | Lair:3   | 14530 ||| INVOKING Berserk.
 14532 | Lair:3   | Killed a seven-headed hydra
 14755 | Lair:3   | 14755 ||| SWAPPING to +4 spectral war axe.
 14774 | Lair:3   | 14774 ||| DRINKING potion of cancellation.
 14909 | Lair:3   | Found a hole to the Spider Nest.
 15206 | Lair:3   | 15206 ||| INVOKING Berserk.
 15212 | Lair:3   | Reached XP level 13. HP: 122/122 MP: 12/12
 15549 | Lair:4   | 15549 ||| SWAPPING to +0 morningstar.
 15551 | Lair:4   | 15551 ||| INVOKING Berserk.
 15654 | Lair:4   | 15654 ||| SWAPPING to +4 spectral war axe.
 15671 | Lair:4   | Noticed Sonja
 15673 | Lair:4   | 15673 ||| Stepping ~*~*~tactically~*~*~ (hiding).
 15675 | Lair:4   | 15675 ||| Stepping ~*~*~tactically~*~*~ (hiding).
 15676 | Lair:4   | 15676 ||| Stepping ~*~*~tactically~*~*~ (hiding).
 15680 | Lair:4   | 15680 ||| DRINKING 5 potions of curing.
 15680 | Lair:4   | 15680 ||| (to cure confusion)
 15682 | Lair:4   | Killed Sonja
 15732 | Lair:4   | 15732 ||| INVOKING Berserk.
 15746 | Lair:4   | Reached skill level 6 in Dodging
 15758 | Lair:4   | Reached skill level 15 in Fighting
 16005 | Lair:4   | 16005 ||| INVOKING Berserk.
 16318 | Lair:4   | Identified the ring of Crawling {rC+ rCorr AC+4 Str-2
                  | Int+2}
 16718 | Lair:4   | 16718 ||| DROPPING ring of protection from cold.
 16719 | Lair:4   | 16719 ||| UPGRADING to ring of Crawling {rC+ rCorr AC+4
                  | Str-2 Int+2}.
 16721 | Lair:4   | 16721 ||| UPGRADING to ring of poison resistance.
 16723 | Lair:4   | 16723 ||| READING 2 scrolls labelled DESAOX USKAAR.
 16724 | Lair:4   | 16724 ||| READING scroll labelled SYAPATRIEN.
 16724 | Lair:4   | Identified a scroll of acquirement
 16724 | Lair:4   | 16724 ||| ACQUIRING -2 hat of the Alchemist {rElec rPois
                  | rF+ rC+ rN+ Will+ rMut rCorr}
 16724 | Lair:4   | Acquired the -2 hat of the Alchemist {rElec rPois rF+ rC+
                  | rN+ Will+ rMut rCorr}
 16724 | Lair:4   | Found the -2 hat of the Alchemist {rElec rPois rF+ rC+ rN+
                  | Will+ rMut rCorr}
 16726 | Lair:4   | 16726 ||| UPGRADING to -2 hat of the Alchemist {rElec rPois
                  | rF+ rC+ rN+ Will+ rMut rCorr}.
 16731 | Lair:4   | 16731 ||| REMOVING ring of poison resistance.
 16732 | Lair:4   | 16732 ||| UPGRADING to +4 ring of protection.
 16733 | Lair:4   | 16733 ||| DROPPING scroll of amnesia.
 16774 | Lair:5   | Entered Level 5 of the Lair of Beasts
 16775 | Lair:5   | 16775 ||| STAIRDANCE
 16777 | Lair:4   | 16777 ||| INVOKING Berserk.
 16908 | Lair:5   | 16908 ||| STAIRDANCE
 17063 | Lair:5   | 17063 ||| FLEEEEING.
 17064 | Lair:5   | 17064 ||| STAIRDANCE
 17169 | Lair:5   | 17169 ||| STAIRDANCE
 17262 | Lair:5   | 17262 ||| STAIRDANCE
 17264 | Lair:4   | 17264 ||| INVOKING Berserk.
 17389 | Lair:5   | 17389 ||| STAIRDANCE
 17391 | Lair:4   | 17391 ||| INVOKING Berserk.
 17537 | Lair:5   | 17537 ||| STAIRDANCE
 17539 | Lair:4   | 17539 ||| INVOKING Brothers in Arms.
 17540 | Lair:4   | 17540 ||| INVOKING Brothers in Arms.
 17541 | Lair:4   | 17541 ||| SWAPPING to +0 morningstar.
 17542 | Lair:4   | 17542 ||| INVOKING Berserk.
 17547 | Lair:4   | Reached skill level 15 in Armour
 17712 | Lair:4   | 17712 ||| SWAPPING to +4 spectral war axe.
 17715 | Lair:5   | 17715 ||| STAIRDANCE
 17715 | Lair:5   | Noticed Nessos
 17717 | Lair:4   | 17717 ||| INVOKING Berserk.
 17846 | Lair:5   | 17846 ||| STAIRDANCE
 17848 | Lair:4   | 17848 ||| INVOKING Berserk.
 17854 | Lair:4   | Reached XP level 14. HP: 136/136 MP: 13/13
 17950 | Lair:5   | 17950 ||| STAIRDANCE
 17961 | Lair:5   | 17961 ||| STAIRDANCE
 17995 | Lair:5   | 17995 ||| STAIRDANCE
 18042 | Lair:5   | 18042 ||| STAIRDANCE
 18048 | Lair:5   | 18048 ||| INVOKING Berserk.
 18050 | Lair:5   | Killed Nessos
 18062 | Lair:5   | 18062 ||| FLEEEEING.
 18063 | Lair:5   | 18063 ||| STAIRDANCE
 18169 | Lair:5   | 18169 ||| STAIRDANCE
 18176 | Lair:5   | 18176 ||| STAIRDANCE
 18248 | Lair:5   | 18248 ||| Stepping ~*~*~tactically~*~*~ (hiding).
 18249 | Lair:5   | 18249 ||| Stepping ~*~*~tactically~*~*~ (stealth).
 18250 | Lair:5   | 18250 ||| Stepping ~*~*~tactically~*~*~ (stealth).
 18305 | Lair:5   | 18305 ||| Stepping ~*~*~tactically~*~*~ (stealth).
 18648 | Lair:5   | 18648 ||| FLEEEEING.
 18703 | Lair:5   | 18703 ||| Stepping ~*~*~tactically~*~*~ (water).
 18704 | Lair:5   | 18704 ||| Stepping ~*~*~tactically~*~*~ (cloud).
 18705 | Lair:5   | 18705 ||| Stepping ~*~*~tactically~*~*~ (water).
 18707 | Lair:5   | 18707 ||| INVOKING Berserk.
 18946 | Lair:5   | 18946 ||| READING scroll of enchant weapon.
 18946 | Lair:5   | 18946 ||| ENCHANTING +4 spectral war axe.
 19063 | Lair:5   | Found a staircase to the Slime Pits.
 19066 | Lair:5   | Found a viscous altar of Jiyva.
 19124 | Lair:5   | 19124 ||| PLANNING D:1-11
 19124 | Lair:5   | 19124 ||| UPGRADING to +1 cloak.
 19134 | Lair:5   | 19134 ||| DROPPING +0 cloak.
 19135 | Lair:5   | 19135 ||| READING scroll labelled BOGESHAYJE.
 19136 | Lair:5   | 19136 ||| DRINKING 2 golden potions.
 19136 | Lair:5   | Gained mutation: You are frail. (-10% HP) [potion of
                  | mutation]
 19136 | Lair:5   | Gained mutation: Your mind is acute. (Int +4, Str/Dex -1)
                  | [potion of mutation]
 19137 | Lair:5   | 19137 ||| DRINKING potion of mutation.
 19137 | Lair:5   | 19137 ||| PLANNING D:1-11
 19137 | Lair:5   | 19137 ||| DRINKING potion of mutation.
 19137 | Lair:5   | 19137 ||| PLANNING D:1-11
 19137 | Lair:5   | 19137 ||| DRINKING potion of mutation.
 19137 | Lair:5   | 19137 ||| PLANNING D:1-11
 19137 | Lair:5   | 19137 ||| DRINKING potion of mutation.
 19137 | Lair:5   | Lost mutation: You are frail. (-10% HP) [potion of
                  | mutation]
 19137 | Lair:5   | Lost mutation: Your mind is acute. (Int +4, Str/Dex -1)
                  | [potion of mutation]
 19427 | D:11     | 19427 ||| PLANNING D:1-11
 19469 | D:11     | 19469 ||| Stepping ~*~*~tactically~*~*~ (stealth).
 19617 | D:11     | 19617 ||| INVOKING Berserk.
 19741 | D:11     | Found a staircase to the Orcish Mines.
 19893 | D:11     | Found a transporter.
 19893 | D:11     | Noticed qw's ghost (journeyman TrCA)
 19909 | D:11     | Found a bloodstained altar of Trog.
 19916 | D:11     | Found a transporter.
 20251 | D:11     | 20251 ||| PLANNING D
 20251 | D:11     | 20251 ||| READING 4 scrolls of identify.
 20251 | D:11     | 20251 ||| IDENTIFYING bubbling dark potion
 20278 | D:12     | 20278 ||| Stepping ~*~*~tactically~*~*~ (stealth).
 20322 | D:12     | Found Derien's Armour Boutique.
 20332 | D:12     | 20332 ||| BUYING +2 chain mail of cold resistance (365
                  | gold).
 20332 | D:12     | Bought a +2 chain mail of cold resistance for 365 gold
                  | pieces
 20332 | D:12     | 20332 ||| BUYING +3 Mad Mage's Maulers {Infuse+∞ RegenMP
                  | Int-3} (680 gold).
 20332 | D:12     | Bought the +3 Mad Mage's Maulers {Infuse+∞ RegenMP Int-3}
                  | for 680 gold pieces
 20332 | D:12     | Found the +3 Mad Mage's Maulers {Infuse+∞ RegenMP Int-3}
 20355 | D:12     | 20355 ||| Stepping ~*~*~tactically~*~*~ (hiding).
 20386 | D:12     | Reached ***** piety under Trog
 20453 | D:12     | 20453 ||| Stepping ~*~*~tactically~*~*~ (hiding).
 20454 | D:12     | 20454 ||| Stepping ~*~*~tactically~*~*~ (hiding).
 20675 | D:12     | 20675 ||| Stepping ~*~*~tactically~*~*~ (stealth).
 20879 | D:12     | 20879 ||| UPGRADING to +3 Mad Mage's Maulers {Infuse+∞
                  | RegenMP Int-3}.
 20889 | D:12     | 20889 ||| DROPPING +0 pair of gloves.
 20890 | D:12     | 20890 ||| DROPPING amulet of magic regeneration.
 21579 | D:13     | Reached skill level 18 in Fighting
 21812 | D:13     | 21812 ||| DROPPING amulet of faith.
 21814 | D:13     | 21814 ||| INVOKING Brothers in Arms.
 21815 | D:13     | 21815 ||| SWAPPING to +0 morningstar.
 21817 | D:13     | 21817 ||| SWAPPING to +5 spectral war axe.
 22285 | D:13     | 22285 ||| READING scroll labelled UCZANI NIRGH.
 22343 | D:14     | 22343 ||| Stepping ~*~*~tactically~*~*~ (stealth).
 22390 | D:14     | Found a gate to the Vaults.
 22434 | D:14     | 22434 ||| Stepping ~*~*~tactically~*~*~ (hiding).
 22704 | D:14     | 22704 ||| Stepping ~*~*~tactically~*~*~ (stealth).
 22722 | D:14     | 22722 ||| Stepping ~*~*~tactically~*~*~ (stealth).
 22801 | D:14     | 22801 ||| Stepping ~*~*~tactically~*~*~ (hiding).
 22807 | D:14     | 22807 ||| Stepping ~*~*~tactically~*~*~ (hiding).
 23066 | D:14     | Reached XP level 15. HP: 140/149 MP: 0/14
 23504 | D:15     | Entered Level 15 of the Dungeon
 23518 | D:15     | 23518 ||| Stepping ~*~*~tactically~*~*~ (stealth).
 23542 | D:15     | 23542 ||| FLEEEEING.
 23543 | D:15     | 23543 ||| FLEEEEING.
 23544 | D:15     | 23544 ||| FLEEEEING.
 23545 | D:15     | 23545 ||| FLEEEEING.
 23546 | D:15     | 23546 ||| FLEEEEING.
 23547 | D:15     | 23547 ||| FLEEEEING.
 23548 | D:15     | 23548 ||| STAIRDANCE
 23714 | D:15     | 23714 ||| Stepping ~*~*~tactically~*~*~ (hiding).
 23818 | D:15     | 23818 ||| Stepping ~*~*~tactically~*~*~ (stealth).
 23820 | D:15     | 23820 ||| Stepping ~*~*~tactically~*~*~ (stealth).
 23916 | D:15     | Noticed a fire giant
 23917 | D:15     | Found a staircase to the Depths.
 23922 | D:15     | Killed a fire giant
 24030 | D:15     | 24030 ||| INVOKING Berserk.
 24201 | D:15     | 24201 ||| Stepping ~*~*~tactically~*~*~ (stealth).
 24208 | D:15     | Received a gift from Trog
 24214 | D:15     | 24214 ||| FLEEEEING.
 24218 | D:15     | 24218 ||| FLEEEEING.
 24223 | D:15     | 24223 ||| FLEEEEING.
 24224 | D:15     | 24224 ||| FLEEEEING.
 24225 | D:15     | 24225 ||| FLEEEEING.
 24226 | D:15     | 24226 ||| FLEEEEING.
 24227 | D:15     | 24227 ||| FLEEEEING.
 24231 | D:15     | 24231 ||| FLEEEEING.
 24232 | D:15     | 24232 ||| FLEEEEING.
 24233 | D:15     | 24233 ||| FLEEEEING.
 24234 | D:15     | 24234 ||| FLEEEEING.
 24235 | D:15     | 24235 ||| FLEEEEING.
 24238 | D:15     | 24238 ||| FLEEEEING.
 24239 | D:15     | 24239 ||| STAIRDANCE
 24613 | D:15     | 24613 ||| Stepping ~*~*~tactically~*~*~ (stealth).
 24615 | D:15     | 24615 ||| Stepping ~*~*~tactically~*~*~ (hiding).
 24841 | D:15     | 24841 ||| PLANNING ORC
 24928 | Orc:1    | Entered Level 1 of the Orcish Mines
 25041 | Orc:1    | 25041 ||| Stepping ~*~*~tactically~*~*~ (hiding).
 25177 | Orc:1    | 25177 ||| Stepping ~*~*~tactically~*~*~ (stealth).
 25178 | Orc:1    | 25178 ||| Stepping ~*~*~tactically~*~*~ (stealth).
 25438 | Orc:1    | 25438 ||| Stepping ~*~*~tactically~*~*~ (stealth).
 25445 | Orc:1    | 25445 ||| Stepping ~*~*~tactically~*~*~ (stealth).
 25455 | Orc:1    | 25455 ||| Stepping ~*~*~tactically~*~*~ (stealth).
 25622 | Orc:1    | Noticed Nergalle
 25628 | Orc:1    | Killed Nergalle
 25629 | Orc:1    | Reached skill level 18 in Armour
 25868 | Orc:1    | Found a runed translucent gate.
 25868 | Orc:1    | Found a runed translucent gate.
 25868 | Orc:1    | Found a runed translucent gate.
 25869 | Orc:1    | Found an opulent altar of Gozag.
 25870 | Orc:1    | Found Neggidy's Assorted Antiques.
 25870 | Orc:1    | Found Munag's Assorted Antiques.
 25870 | Orc:1    | Noticed duckroller's ghost (journeyman HOMo)
 25944 | Orc:2    | Entered Level 2 of the Orcish Mines
 25945 | Orc:2    | 25945 ||| INVOKING Brothers in Arms.
 25948 | Orc:2    | 25948 ||| INVOKING Berserk.
 25958 | Orc:2    | 25958 ||| INVOKING Trog's Hand.
 25961 | Orc:2    | 25961 ||| INVOKING Brothers in Arms.
 26004 | Orc:2    | 26004 ||| FLEEEEING.
 26010 | Orc:2    | 26010 ||| INVOKING Trog's Hand.
 26013 | Orc:2    | 26013 ||| INVOKING Berserk.
 26019 | Orc:2    | 26019 ||| FLEEEEING.
 26020 | Orc:2    | 26020 ||| FLEEEEING.
 26021 | Orc:2    | 26021 ||| STAIRDANCE
 26179 | Orc:2    | 26179 ||| Stepping ~*~*~tactically~*~*~ (stealth).
 26180 | Orc:2    | 26180 ||| Stepping ~*~*~tactically~*~*~ (stealth).
 26188 | Orc:2    | 26188 ||| Stepping ~*~*~tactically~*~*~ (stealth).
 26189 | Orc:2    | 26189 ||| INVOKING Berserk.
 26233 | Orc:2    | 26233 ||| FLEEEEING.
 26234 | Orc:2    | 26234 ||| FLEEEEING.
 26235 | Orc:2    | 26235 ||| FLEEEEING.
 26236 | Orc:2    | 26236 ||| FLEEEEING.
 26237 | Orc:2    | 26237 ||| FLEEEEING.
 26238 | Orc:2    | 26238 ||| FLEEEEING.
 26288 | Orc:2    | 26288 ||| Stepping ~*~*~tactically~*~*~ (stealth).
 26315 | Orc:2    | 26315 ||| INVOKING Berserk.
 26332 | Orc:2    | 26332 ||| FLEEEEING.
 26333 | Orc:2    | 26333 ||| FLEEEEING.
 26334 | Orc:2    | 26334 ||| FLEEEEING.
 26337 | Orc:2    | 26337 ||| INVOKING Brothers in Arms.
 26339 | Orc:2    | Noticed an orc warlord
 26350 | Orc:2    | 26350 ||| INVOKING Brothers in Arms.
 26353 | Orc:2    | HP: 35/151 [orc high priest/+0 hand axe (5)]
 26354 | Orc:2    | 26354 ||| READING 18 scrolls of teleportation.
 26354 | Orc:2    | HP: 16/151 [warg (6)]
 26354 | Orc:2    | HP: 4/151 [orc knight/+0 great sword (9)]
 26355 | Orc:2    | 26355 ||| DRINKING 5 potions of heal wounds.
 26355 | Orc:2    | HP: 1/151 [orc warlord/+0 long sword (10)]
 26355 | Orc:2    | Mangled by an orc knight

Levels and vault maps discovered:
D:1:      doesnt_arrival_eight_statues, layout_basic, basic_ecumenical_altar,
          st_stairs_14, minmay_tall_x
D:2:      layout_basic
D:3:      layout_rooms, dreamdust_princess_corridor, kennysheep_crisscross,
          uniq_sigmund
D:4:      layout_rooms
D:5:      layout_basic, trog_antimagical, dk_yredelemnul_ordeal,
          grunt_temple_overflow_opulence, kennysheep_big_empty_room,
          minmay_gold_behind_fungi, patterned_corridor, uniq_prince_ribbit1,
          uniq_crazy_yiuf_cottage
D:6:      layout_basic, uniq_pikel
D:7:      layout_cave_pods, kennysheep_little_box, minmay_temple_entry_glass
D:8:      layout_basic, uniq_erica
D:9:      layout_loops_ring
D:10:     layout_cross, erik_lair_dragon
D:11:     layout_long_grid, minmay_orc_entry_temple_large,
          gammafunk_ghost_wrathful_warriors
D:12:     layout_rooms, serial_shops, shop
D:13:     layout_long_grid, serial_co_window_serial, co_window_corner_a,
          co_window_corner_a, co_window_corner_a, co_window_paths_a,
          co_window_corner_a, co_window_corner_a, co_window_paths_b,
          co_window_broadway_b, co_window_broadway_c, co_window_corner_b,
          co_window_2corner, co_window_4corner_b, glass_columns_a,
          glass_columns_b, glass_columns_a, glass_columns_a, glass_columns_a
D:14:     layout_basic, david_vaults_2, serial_bayou_pond_e
D:15:     grunt_enter_depths_giant_problem, layout_loops_ring,
          serial_park_gazebo [serial_park_minivault_5x5_5]
Lair:1:   layout_chaotic_city
Lair:2:   layout_cave_pods, minmay_swamp_entry_reptiles, portal_ice_cave_rime,
          grunt_forest_stairs_basic
Lair:3:   layout_chaotic_city, spider_nest_entry_rubble,
          bh_autumn_forest_stairs, kennysheep_basilisk_garden,
          grunt_megastairs_2, serial_bayou_shore_a
Lair:4:   layout_gridlike, uniq_sonja
Lair:5:   minmay_lair_end_frog_pond, layout_misc_corridors, slime_entry_1,
          uniq_nessos
Orc:1:    nicolae_orc_accident_3, layout_caves, ebering_ghost_gozag,
          uniq_nergalle
Orc:2:    grunt_orc_gardens, layout_diamond_mine, grunt_orc_garden,
          grunt_orc_garden, grunt_orc_garden, grunt_orc_garden

Skill      XL: |  1  2  3  4  5  6  7  8  9 10 11 12 13 14 15 |
---------------+----------------------------------------------+-----
Axes           | 4 5 7 8 9 12 14 15 16 | 16.0
Armour         | 3 4 5 6 7 10 13 15 16 18 | 18.0
Fighting       | 4 6 8 9 11 13 15 18 | 18.9
Throwing       | 1 2 3 4 |  4.0
Shields        | 5 7 9 10 11 | 11.0
Dodging        | 3 4 5 6 7 8 |  8.0

Action                   |  1- 3 |  4- 6 |  7- 9 | 10-12 | 13-15 || total
-------------------------+-------+-------+-------+-------+-------++-------
Melee: Hand axe          |    70 |    79 |    40 |       |       ||   189
       Headbutt          |    11 |    10 |    33 |   107 |   146 ||   307
       Punch             |       |     1 |     1 |     1 |       ||     3
       War axe           |       |       |   164 |   391 |   559 ||  1114
       Morningstar       |       |       |       |    10 |    14 ||    24
Throw: Javelin           |       |     5 |    61 |    24 |       ||    90
       Boomerang         |       |       |       |    34 |   121 ||   155
Invok: Berserk           |     2 |     1 |    10 |    20 |    17 ||    50
       Brothers in Arms  |       |       |       |     3 |     6 ||     9
       Trog's Hand       |       |       |       |       |     2 ||     2
  Use: Scroll            |     6 |     1 |     8 |    10 |     7 ||    32
       Potion            |     1 |       |     1 |     4 |     4 ||    10
 Stab: Confused          |       |       |       |     1 |       ||     1
       Distracted        |       |       |       |     1 |    13 ||    14
       Petrified         |       |       |       |       |     3 ||     3
       Petrifying        |       |       |       |       |     1 ||     1
Armor: Animal skin       |     4 |       |       |       |       ||     4
       Plate armour      |    12 |    22 |   102 |   174 |   275 ||   585
Dodge: Dodged            |    23 |    16 |    38 |    95 |   142 ||   314
Block: Other             |     8 |    11 |    26 |    17 |       ||    62
       Reflection        |       |       |     1 |     1 |    29 ||    31
       Buckler           |       |       |       |   118 |   312 ||   430

Table legend:
 A = Non-vault XP
 B = Vault XP
 C = Vault XP percentage of total XP
 D = Non-vault monster count
 E = Vault monster count
 F = Vault count percentage of total count
                 A         B        C        D         E       F
            +---------+---------+-------+---------+---------+-------
      Total |  101564 |   28916 |  22.2 |     473 |     119 |  20.1
            +---------+---------+-------+---------+---------+-------
        D:1 |      25 |      11 |  30.6 |      14 |       6 |  30.0
        D:2 |      30 |       0 |   0.0 |      11 |       0 |   0.0
        D:3 |      62 |     214 |  77.5 |      21 |       1 |   4.5
        D:4 |     529 |       0 |   0.0 |      15 |       0 |   0.0
        D:5 |     870 |     305 |  26.0 |      20 |       7 |  25.9
        D:6 |     678 |     617 |  47.6 |      12 |       1 |   7.7
        D:7 |    2154 |       0 |   0.0 |      22 |       0 |   0.0
        D:8 |    2477 |     834 |  25.2 |      37 |       1 |   2.6
        D:9 |    3189 |       0 |   0.0 |      30 |       0 |   0.0
       D:10 |    2348 |    1268 |  35.1 |      13 |       6 |  31.6
       D:11 |    3020 |     363 |  10.7 |      14 |      12 |  46.2
       D:12 |    5614 |       0 |   0.0 |      21 |       0 |   0.0
       D:13 |   12571 |       0 |   0.0 |      29 |       0 |   0.0
       D:14 |    3242 |    1352 |  29.4 |       8 |       3 |  27.3
       D:15 |   13166 |    1281 |   8.9 |      30 |       1 |   3.2
     Lair:1 |    5223 |       0 |   0.0 |      17 |       0 |   0.0
     Lair:2 |    8916 |    1097 |  11.0 |      27 |       6 |  18.2
     Lair:3 |    5587 |    1832 |  24.7 |      17 |       7 |  29.2
     Lair:4 |   21805 |    6863 |  23.9 |      46 |      24 |  34.3
     Lair:5 |    5489 |    4771 |  46.5 |      15 |      14 |  48.3
      Orc:1 |    2285 |     791 |  25.7 |      36 |       7 |  16.3
      Orc:2 |    2284 |    7317 |  76.2 |      18 |      23 |  56.1
            +---------+---------+-------+---------+---------+-------
